 Dungeon Crawl Stone Soup version 0.19-a0-1834-g6b7851e (webtiles) character file.

609 dobroeutro the Chopper (level 7, -9/66 HPs)
             Began as a Deep Dwarf Fighter on Oct 8, 2016.
             Mangled by an ogre
             ... wielding a +0 giant club
              (26 damage)
             ... on level 4 of the Dungeon.
             The game lasted 00:06:27 (2530 turns).

dobroeutro the Chopper (Deep Dwarf Fighter)         Turns: 2530, Time: 00:06:27

Health: -9/66      AC:  6    Str: 21    XL:     7   Next: 19%
Magic:  7/7        EV:  7    Int:  9    God:
Gold:   204        SH: 10    Dex: 12    Spells: 0 memorised, 6 levels left

rFire  . . .     SeeInvis .     a - +0 war axe
rCold  . . .     Gourm    .     b - +0 scale mail
rNeg   . . .     Faith    .     c - +1 shield
rPois  .         Spirit   .     (no helmet)
rElec  .         Dismiss  .     (no cloak)
rCorr  .         Reflect  .     (no gloves)
MR     +....     Harm     .     (no boots)
Stlth  ..........               (no amulet)
                                (no ring)
                                (no ring)

@: non-regenerating
A: damage resistance, recharge devices, sense surroundings 1, slow regeneration
3
a: Device Recharging


You were on level 4 of the Dungeon.
You were not hungry.

You visited 1 branch of the dungeon, and saw 4 of its levels.
You also visited: Ossuary.

You collected 204 gold pieces.

Inventory:

Hand Weapons
 a - a +0 war axe (weapon)
Armour
 b - a +0 scale mail (worn)
 c - a +1 shield (worn)
Wands
 e - a wand of heal wounds (6/9)
 o - a wand of polymorph (16/24)
Scrolls
 d - 2 scrolls of brand weapon {unknown}
 g - 2 scrolls of amnesia
 h - 2 scrolls of remove curse
 i - 4 scrolls of teleportation
 j - 6 scrolls of identify
 k - a scroll of immolation
 l - a scroll of enchant armour
Potions
 m - a potion of degeneration {unknown}
 n - 2 potions of berserk rage
 p - a potion of ambrosia {unknown}
 q - a potion of haste {unknown}
 r - 2 potions of heal wounds {unknown}
 s - a potion of curing {unknown}
 t - a potion of resistance {unknown}
 v - a potion of brilliance {unknown}
 w - 2 potions of beneficial mutation {unknown}
 x - 2 potions of agility {unknown}
Comestibles
 f - a bread ration
 u - a royal jelly
 z - 3 chunks of flesh
 A - a meat ration


   Skills:
 + Level 4.8 Fighting
 * Level 7.3 Axes
 - Level 3.2 Armour
 - Level 3.2 Shields


You had 6 spell levels left.
You didn't know any spells.

Dungeon Overview and Level Annotations

Branches:
Dungeon (4/15)
 Temple: D:4-7

Altars:
Dithmenos
The Shining One

Shops:
D:4 =


Innate Abilities, Weirdness & Mutations

You are resistant to damage.
You can recharge devices by infusing magical energy.
You passively map a small area around you.
You do not regenerate.


Message History

You finish eating.
This raw flesh tastes terrible.
You slash the ogre!
The ogre is moderately wounded.
You block the ogre's attack.
You hit the ogre but do no damage.
The ogre is moderately wounded.
The ogre hits you with a giant club!
* * * LOW HITPOINT WARNING * * *
You are too injured to fight recklessly!
You are too injured to fight recklessly!
You hit the ogre but do no damage.
The ogre is moderately wounded.
The ogre closely misses you.
You barely miss the ogre.
The ogre is moderately wounded.
You block the ogre's attack.
You slash the ogre!
The ogre is heavily wounded.
The ogre hits you with a giant club!!
You die...

..<.....#
#....#..#......#####.##
#########
#....#..#####...<......
#....########..########
#....#.........#
#....#.###############
####.#.# #.........#
#.#.# #.######.##
#รท#.#####.# #.#
#.#@....#.# #.#
#.O)..(...# #.#
###.###.### #.# #.# #[#
#.# #.# #.# #.# ###
#.########.#
#..........#
############


You could see an ogre.

Vanquished Creatures
  An ogre (D:4)
  2 elf zombies (Ossuary)
  2 scorpions (D:4)
  A human zombie (Ossuary)
  A jelly (D:3)
  An orc wizard (D:4)
  2 hound zombies
  4 mummies (Ossuary)
  4 adders
  2 oozes (D:1)
  An adder zombie (Ossuary)
  A leopard gecko (D:4)
  13 orcs (D:4)
  6 bats
  4 giant cockroaches
  2 gnoll zombies (Ossuary)
  7 hobgoblins
  3 jackals (D:2)
  6 frilled lizards
  6 goblins
  A goblin zombie (Ossuary)
  A hobgoblin zombie (Ossuary)
  2 jackal zombies (Ossuary)
  2 kobolds
  A kobold zombie (Ossuary)
  3 rats
79 creatures vanquished.

Notes
Turn   | Place    | Note
-------+----------+-------------------------------------------
     0 | D:1      | dobroeutro the Deep Dwarf Fighter began the quest for the Orb.
     0 | D:1      | Reached XP level 1. HP: 20/20 MP: 1/1
    38 | D:1      | Reached XP level 2. HP: 27/27 MP: 2/2
    79 | D:1      | Found a glowing golden altar of the Shining One.
   123 | D:1      | Reached skill level 3 in Axes
   324 | D:1      | Reached XP level 3. HP: 24/34 MP: 3/3
   535 | D:2      | Found a shadowy altar of Dithmenos.
   996 | D:3      | Reached skill level 4 in Axes
   996 | D:3      | Reached XP level 4. HP: 16/42 MP: 4/4
  1758 | D:4      | Noticed an ogre
  1784 | D:4      | Killed an ogre
  1784 | D:4      | Reached skill level 5 in Axes
  1784 | D:4      | Reached XP level 5. HP: 31/50 MP: 5/5
  1812 | D:4      | Found Muetacw's Jewellery Boutique.
  1884 | D:4      | Found a sand-covered staircase.
  1889 | Ossuary  | Entered an ossuary
  1909 | Ossuary  | Reached XP level 6. HP: 40/57 MP: 6/6
  1910 | Ossuary  | Reached skill level 6 in Axes
  2176 | D:4      | Reached skill level 7 in Axes
  2176 | D:4      | Reached XP level 7. HP: 24/66 MP: 7/7
  2530 | D:4      | Mangled by an ogre

Vault maps used:
D:1:      minmay_arrival_solitary_statue, tso_metal_star
D:2:      nicolae_dithmenos_through_a_glass_darkly
D:4:      serial_shops, shop_statue, enter_ossuary_5, st_stairs_13
Ossuary:  ossuary_minmay_tomb_2a

Skill      XL: |  1  2  3  4  5  6 |
---------------+-------------------+-----
Axes           | 3 4 5 7 |  7.3
Fighting       | 3 4 |  4.8
Armour         | |  3.2
Shields        | |  3.2

Action                   |  1- 3 |  4- 6 |  7- 9 || total
-------------------------+-------+-------+-------++-------
Melee: War axe           |   121 |   127 |    34 ||   282
Evoke: Wand              |       |     3 |     1 ||     4
  Use: Scroll            |       |     8 |       ||     8
       Potion            |       |     2 |       ||     2
  Eat: Chunk             |       |     5 |     1 ||     6
Armor: Scale mail        |    81 |    56 |     7 ||   144
Dodge: Dodged            |    47 |    44 |    13 ||   104
Block: Shield            |    57 |    87 |    16 ||   160
